 Dungeon Crawl Stone Soup version 0.31.0-12-g77e489cdc1 (webtiles) character file.

Game seed: 1263996075713006250

2634 PriceMaster the Geomancer (level 9, -3/51 (54) HPs)
             Began as an Octopode Earth Elementalist on Mar 1, 2024.
             Was a Priest of Sif Muna.
             Slain by Joseph
             ... wielding a +0 quarterstaff
              (20 damage)
             ... on level 7 of the Dungeon.
             The game lasted 00:18:09 (10573 turns).

PriceMaster the Geomancer (OpEE)                   Turns: 10573, Time: 00:18:10

HP:   -3/51 (54)    AC:  1    Str:  7    XL:     9   Next: 61%
MP:   3/16          EV: 13    Int: 21    God:    Sif Muna [***...]
Gold: 392           SH:  5    Dex: 11    Spells: 8/20 levels left

rFire   . . .        l - +3 quarterstaff (chaos)
rCold   . . .        (shield currently unavailable)
rNeg    . . .        (helmet restricted)
rPois   .            c - amulet of reflection
rElec   .            (no ring)
rCorr   .            (no ring)
SInv    .            (no ring)
Will    ++...        (no ring)
Stlth   ++++         (no ring)
HPRegen 0.28/turn    (no ring)
MPRegen 0.15/turn    (no ring)
                     (no ring)

%: reflection
@: enlightened, flying, drained
A: almost no armour, amphibious, 8 rings, camouflage 1, gelatinous body 1,
(nimble swimmer 1), tentacles, clumsy 1, low MP 1, strong-willed 1
a: Renounce Religion, Channel Magic, Forget Spell


You were on level 7 of the Dungeon.
You worshipped Sif Muna.
Sif Muna was most pleased with you.
You visited 1 branch of the dungeon, and saw 7 of its levels.
You also visited: Sewer and Ossuary.

You collected 392 gold pieces.

Inventory:

Hand Weapons
 e - a +1 dagger of protection
 i - a +6 club
 l - a +3 quarterstaff of chaos (weapon)
Jewellery
 c - an amulet of reflection (around mantle)
Wands
 a - a wand of flame (28)
Scrolls
 b - a scroll of vulnerability
 d - a scroll of fear
 g - a scroll of blinking
 h - a scroll of poison
 n - a scroll of revelation
 p - 2 scrolls of teleportation {unknown}
 s - a scroll of enchant weapon {unknown}
Potions
 j - 2 potions of degeneration
 k - 4 potions of brilliance
 m - a potion of attraction
 o - a potion of haste


   Skills:
 + Level 2.2 Fighting
 + Level 3.5 Staves
 + Level 3.6 Dodging
 + Level 5.0 Stealth
 + Level 6.1 Spellcasting
 + Level 3.1 Conjurations
 * Level 8.9 Earth Magic
 + Level 0.7 Alchemy
 + Level 0.1 Invocations
 + Level 1.5 Evocations


You had 8 spell levels left.
You knew the following spells:

 Your Spells              Type           Power      Damage    Failure   Level
a - Sandblast             Erth           86%        2d18      1%          1
b - Stone Arrow           Conj/Erth      62%        3d10      2%          3
c - Brom's Barrelling Bo  Conj/Erth      31%        2d5       9%          4
d - Petrify               Alch/Erth      26%        N/A       13%         4

Your spell library contained the following spells:

 Spells                   Type           Power      Damage    Failure   Level
 Passwall                 Erth           43%        N/A       1%          3
 Inner Flame              Hex/Fire       6%         N/A       28%         3
 Flame Wave               Conj/Fire      12%        2d6       45%         4
 Sticky Flame             Fire/Alch      8%         2d4       63%         4


Dungeon Overview and Level Annotations

Branches:
Dungeon (7/15)             Temple (0/1) D:5           Sewer (visited)
Ossuary (visited)

Altars:
Fedhas
Sif Muna
Xom

Shops:
D:1 :   D:4 [

Annotations:
D:7 Joseph


Innate Abilities, Weirdness & Mutations

You cannot wear most types of armour.
You are amphibious.
You can wear up to eight rings at the same time.
Your skin changes colour to match your surroundings (Stealth+).
Your rubbery body absorbs attacks. (AC +1, EV +1)
((You are camouflaged when in or above water. (Stealth+)))
You have tentacles for arms and can constrict up to eight enemies at once.
You are clumsy. (Dex -2)
Your magical capacity is low. (-10% MP)
You are strong-willed. (Will+)


Message History

* * * LOW HITPOINT WARNING * * *
You feel drained.
* * * LOW HITPOINT WARNING * * *
It was a potion of enlightenment.
You feel very buoyant.
You fly up into the air.
Joseph shoots a sling bullet.
You block the sling bullet with an invisible shield... and reflect it back!
The sling bullet misses Joseph.
Your magical contamination has completely faded away.
It was a potion of curing.
You feel better.
Joseph shoots a sling bullet.
The sling bullet closely misses you.
Casting: Brom's Barrelling Boulder (dangerous; 9% risk of failure)
Confirm with . or Enter, or press ? or * to list all spells.
You can't see any susceptible monsters within range! (Use Z to cast anyway.) Joseph shoots a sling bullet.
The sling bullet barely misses you.
Joseph shoots a sling bullet.
The sling bullet misses you.
You start resting.
Joseph is nearby!
Casting: Brom's Barrelling Boulder (dangerous; 9% risk of failure)
Confirm with . or Enter, or press ? or * to list all spells.
You don't have enough magic to cast this spell.
Casting: Brom's Barrelling Boulder (dangerous; 9% risk of failure)
Confirm with . or Enter, or press ? or * to list all spells.
Aiming: Sandblast (safe; 1% risk of failure)
Press: ? - help, Shift-Dir - straight line, f/p - Joseph
Aim: Joseph, wielding a +2 sling of draining and wearing a +0 ring mail (heavily wounded, 87% to hit)
Okay, then.
Joseph unwields a +2 sling of draining.
Joseph wields a +0 quarterstaff.
Joseph hits you with a +0 quarterstaff.
You closely miss Joseph. You grab Joseph. You squeeze Joseph.
Joseph is severely wounded.
You constrict Joseph, but do no damage. Joseph misses you.
You hit Joseph.
Joseph is severely wounded.
You constrict Joseph. You block Joseph's attack.
You sock Joseph!
Joseph looks as sick as possible!
Joseph is almost dead.
You constrict Joseph, but do no damage.
Joseph hits you with a +0 quarterstaff!!
You die...

.............○.
............z..
...............
........°..@.
#..##.# #
##########....#....
#......†@....>.....
#@##########.##....
#.@........#.# ...$
#..#######.#.# ...
#..# #.#.# ... #..#
# #.#.# .. #..#
#.##.#.#
#..#.##....#.#
#..#.....[<#
#..#########


You could see Joseph (extremely poisoned).

Vanquished Creatures
  Prince Ribbit (D:6)
  Grinder (D:3)
  Sigmund (D:3)
  Eustachio (D:4)
  An ice beast (D:6)
  2 black bears
  An ogre (D:6)
  An elf zombie (Ossuary)
  A scorpion (D:5)
  5 bullfrogs
  A wight (D:7)
  A burial acolyte (Ossuary)
  2 howler monkeys
  A bombardier beetle (D:5)
  2 centaur zombies (Ossuary)
  5 jellies
  Crazy Yiuf (D:2)
  3 hounds
  2 sleepcaps
  A spectral scorpion (Ossuary)
  Ijyb (D:3)
  An iguana (D:6)
  A hound zombie (Ossuary)
  3 mummies (Ossuary)
  Robin (D:2)
  10 gnolls
  5 river rats
  11 adders
  6 ufetubi
  4 adder zombies (Ossuary)
  A dart slug (D:1)
  2 ribbon worms
  12 orcs
  9 ball pythons
  4 bats
  11 endoplasms
  5 giant cockroaches
  15 goblins
  8 hobgoblins
  8 jackals
  5 kobolds
  4 quokkas
  7 ball python zombies (Ossuary)
  7 frilled lizards
  3 gnoll zombies (Ossuary)
  3 jackal zombies (Ossuary)
  4 kobold zombies (Ossuary)
  An orc zombie (Ossuary)
  8 rats
194 creatures vanquished.

Vanquished Creatures (collateral kills)
  4 boulders
4 creatures vanquished.

Vanquished Creatures (others)
  17 boulders
17 creatures vanquished.

Grand Total: 215 creatures vanquished

Notes
Turn   | Place    | Note
-------+----------+-------------------------------------------
     0 | D:1      | PriceMaster the Octopode Earth Elementalist began the quest
                  | for the Orb.
     0 | D:1      | Reached XP level 1. HP: 11/11 MP: 3/3
   194 | D:1      | Reached XP level 2. HP: 17/17 MP: 3/5
   564 | D:1      | Found Kigin's Book Shop.
   671 | D:2      | Found a shimmering blue altar of Sif Muna.
   681 | D:2      | Became a worshipper of Sif Muna the Loreminder
   767 | D:2      | Reached XP level 3. HP: 21/21 MP: 3/6
   771 | D:2      | Learned a level 3 spell: Stone Arrow
  1422 | D:2      | Noticed Robin
  1426 | D:2      | Reached XP level 4. HP: 27/27 MP: 1/8
  1457 | D:2      | Killed Robin
  1458 | D:2      | Reached skill level 4 in Earth Magic
  1526 | D:2      | Found a runed translucent door.
  1527 | D:2      | Noticed Crazy Yiuf
  1562 | D:2      | Reached * piety under Sif Muna
  1903 | D:2      | Reached XP level 5. HP: 31/31 MP: 9/9
  2164 | D:2      | Killed Crazy Yiuf
  2746 | D:3      | Found a faded altar of an unknown god.
  2815 | D:3      | Noticed Grinder
  2819 | D:3      | Paralysed by Grinder for 5 turns
  2827 | D:3      | Killed Grinder
  2828 | D:3      | Reached skill level 5 in Earth Magic
  2828 | D:3      | Reached XP level 6. HP: 17/37 MP: 0/11
  3019 | D:3      | Noticed Ijyb
  3044 | D:3      | Killed Ijyb
  3045 | D:3      | Reached XP level 7. HP: 21/42 MP: 0/12
  3356 | D:3      | Noticed Sigmund
  3365 | D:3      | Killed Sigmund
  3366 | D:3      | Reached skill level 1 in Staves
  3366 | D:3      | Reached skill level 6 in Earth Magic
  3366 | D:3      | Reached skill level 1 in Evocations
  3508 | D:3      | Learned a level 4 spell: Brom's Barrelling Boulder
  4462 | D:4      | Reached skill level 1 in Fighting
  4574 | D:4      | Identified the +2 robe of Ferocious Joy {Int+3}
  4745 | D:4      | Found Laosete's Armour Emporium.
  4843 | D:4      | Noticed Eustachio
  4857 | D:4      | Gained mutation: Your magical capacity is low. (-10% MP)
                  | [potion of mutation]
  4857 | D:4      | Gained mutation: You are strong-willed. (Will+) [potion of
                  | mutation]
  4857 | D:4      | Gained mutation: You are clumsy. (Dex -2) [potion of
                  | mutation]
  4868 | D:4      | Killed Eustachio
  4869 | D:4      | Reached XP level 8. HP: 8/48 MP: 0/13
  5056 | D:4      | Found a blossoming altar of Fedhas.
  5446 | D:5      | Entered Level 5 of the Dungeon
  5457 | D:5      | Found a sand-covered staircase.
  5463 | Ossuary  | Entered an ossuary
  5490 | Ossuary  | Reached skill level 7 in Earth Magic
  5508 | Ossuary  | Reached ** piety under Sif Muna
  6746 | D:5      | Reached skill level 5 in Spellcasting
  7389 | D:5      | Found a staircase to the Ecumenical Temple.
  7611 | D:5      | Learned a level 4 spell: Petrify
  8031 | D:5      | Reached XP level 9. HP: 54/54 MP: 0/15
  8243 | D:6      | Reached skill level 8 in Earth Magic
  8479 | D:6      | Found a glowing drain.
  8500 | Sewer    | Entered a sewer
  8595 | Sewer    | Reached *** piety under Sif Muna
  8921 | Sewer    | Found a viscous altar of Jiyva.
  9531 | D:6      | Found a shimmering altar of Xom.
  9538 | D:6      | Found a shimmering altar of Xom.
  9538 | D:6      | Found a shimmering altar of Xom.
  9539 | D:6      | Found a shimmering altar of Xom.
  9660 | D:6      | Noticed Prince Ribbit
 10079 | D:6      | Killed Prince Ribbit
 10080 | D:6      | Reached skill level 5 in Stealth
 10502 | D:7      | Noticed Joseph
 10573 | D:7      | Slain by Joseph

Illustrated notes

Levels and vault maps discovered:
D:1:      dpeg_arrival_pits, layout_rooms, serial_shops,
          nicolae_shop_competitors_out_of_business
D:2:      layout_loops_corners, serial_forest, infiniplex_forest_corner_2,
          infiniplex_forest_side_room, infiniplex_forest_clump_double,
          infiniplex_forest_straight_2, infiniplex_forest_clump_medium,
          infiniplex_forest_clump_medium, basic_altar, uniq_crazy_yiuf_cottage,
          uniq_robin
D:3:      layout_loops_ring, dreamdust_ecumenical_altar_statues,
          nicolae_half_adder, uniq_ijyb, uniq_grinder, uniq_sigmund
D:4:      layout_loops_corners, overflow_temple_1_default, serial_shops,
          nicolae_shop_peninsula, uniq_eustachio
D:5:      layout_basic, temple_fountains, nicolae_ossuary_entry_plus
D:6:      layout_cave_pools, xom_redecorated, cheibrodos_sewer_entry_sluice,
          uniq_prince_ribbit1
D:7:      layout_basic, kennysheep_mini, uniq_joseph

Skill      XL: |  1  2  3  4  5  6  7  8  9 |
---------------+----------------------------+-----
Earth Magic    | 4 5 6 7 8 |  8.9
Spellcasting   | 3 4 5 6 |  6.1
Stealth        | 3 4 5 |  5.0
Staves         | 1 3 |  3.5
Evocations     | 1 |  1.5
Fighting       | 1 2 |  2.2
Conjurations   | 2 3 |  3.1
Dodging        | 3 |  3.6
Alchemy        | |  0.7
Invocations    | |  0.1

Action                     |  1- 3 |  4- 6 |  7- 9 || total
---------------------------+-------+-------+-------++-------
  Melee: Unarmed           |     3 |     2 |       ||     5
         Constrict         |     1 |     4 |    24 ||    29
         Club              |       |     8 |       ||     8
         Tentacles         |       |     4 |    34 ||    38
         Quarterstaff      |       |     7 |   145 ||   152
         Punch             |       |       |     3 ||     3
   Cast: Sandblast         |    41 |    22 |    60 ||   123
         Stone Arrow       |     4 |    11 |    26 ||    41
         Brom's Barrelling |       |       |    31 ||    31
         Petrify           |       |       |     7 ||     7
 Invoke: Channel Magic     |       |       |     2 ||     2
  Evoke: Wand              |       |    13 |     9 ||    22
    Use: Potion            |       |     2 |    11 ||    13
         Scroll            |       |     8 |     6 ||    14
   Stab: Sleeping          |       |     3 |     7 ||    10
         Petrified         |       |       |     4 ||     4
 Armour: Skin              |    13 |    16 |   131 ||   160
  Dodge: Dodged            |    10 |    22 |   195 ||   227
  Block: Other             |       |       |    13 ||    13
         Reflection        |       |       |     3 ||     3
